Map: Pillars of Gold LE

Players

Lambo

  • Race: Zerg Zerg
  • League: Master
  • Spawn Location: 7:00

GOStephano (Stephano) - Winner!

  • Race: Zerg Zerg
  • League: Grandmaster
  • Spawn Location: 1:00

Event: DreamHack SC2 Masters 2020 Fall

VOD

Have the link to the VOD?

Description

Time

  • Played on: Sept. 6, 2020, 11:37 a.m.
  • Length: 12:50

All games in this series

Show
View Real Time Build Order
Export as new Build Order

Lambo Zerg 

Build Orders: Hatch First 

Get SALT Encoding   

  12  0:00  Drone  
  13  0:13  Overlord  
  13  0:17  Drone  
  14  0:31  Drone x2  
  16  0:50  Hatchery  
  16  0:54  Drone  
  17  0:57  Drone  
  17  1:01  Drone  
  18  1:10  Extractor  
  17  1:16  Spawning Pool  
  16  1:19  Drone  
  16  1:23  Drone  
  18  1:29  Drone  
  19  1:39  Drone  
  20  1:51  Drone  
  21  2:02  Queen x2  
  21  2:04  Overlord, Zergling x2  
  26  2:12  Drone  
  26  2:13  Drone  
  28  2:22  Drone  
  29  2:28  Drone  
  30  2:33  Drone  
  30  2:34  Drone  
  32  2:38  Queen, Lair  
  34  2:47  Evolution Chamber  
  33  2:53  Overlord  
  33  2:54  Drone  
  33  2:55  Drone x2  
  36  3:08  Extractor  
  36  3:10  Drone  
  36  3:12  Drone x3  
  39  3:13  Zerg Melee Weapons Level 1  
  39  3:16  Drone x2  
  39  3:17  Drone  
  42  3:20  Drone  
  42  3:23  Overlord  
  43  3:28  Drone  
  43  3:35  Metabolic Boost  
  43  3:38  Overlord  
  43  3:39  Zergling x2  
  43  3:41  Spine Crawler  
  43  3:43  Zergling x4  
  43  3:47  Spine Crawler  
  44  3:49  Zergling x2  
  44  3:54  Spine Crawler, Zergling x2  
  45  3:56  Zergling x2  
  45  4:01  Zergling x4  
  45  4:02  Zergling x2  
  49  4:05  Zergling x2  
  49  4:09  Zergling x2  
  51  4:15  Zergling x2  
  53  4:18  Zergling x2  
  53  4:25  Zergling x6  
  53  4:31  Zergling x8  
  60  4:35  Zergling x2  
  59  4:40  Zergling x2  
  59  4:42  Zergling x2  
  57  4:53  Zergling x4  
  58  5:01  Zergling x4  
  60  5:11  Zergling x6  
  57  5:17  Zergling x4  
  57  5:21  Unknown  
  57  5:24  Zergling x2  
  57  5:27  Zergling x2  
  56  5:37  Zergling x4, Spire  
  56  5:41  Extractor  
  56  5:42  Extractor  
  55  5:48  Drone  
  55  5:49  Drone x4  
  58  5:57  Drone  
  58  6:03  Zergling x2  
  60  6:09  Overlord  
  60  6:15  Overlord  
  60  6:17  Overlord  
  60  6:27  Drone x2  
  60  6:29  Drone, Zergling x2  
  60  6:30  Zergling x4  
  66  6:33  Zergling x2  
  66  6:35  Zergling x2  
  66  6:38  Overseer  
  68  6:54  Mutalisk x7  
  82  7:09  Mutalisk  
  82  7:15  Overlord x2, Hatchery  
  83  7:16  Overlord  
  83  7:24  Spine Crawler x2  
  81  7:30  Mutalisk  
  81  7:36  Mutalisk x2  
  87  7:40  Zergling x6  
  89  7:49  Spine Crawler  
  89  7:50  Mutalisk x3  
  95  7:56  Mutalisk  
  98  7:58  Zergling x4  
  98  8:05  Mutalisk  
  99  8:09  Zergling x2  
  99  8:10  Zergling x2  
  103  8:18  Mutalisk x2  
  98  8:20  Zergling x4  
  81  8:27  Zergling x2  
  81  8:28  Zergling x4  
  81  8:32  Mutalisk  
  80  8:39  Mutalisk  
  80  8:41  Zergling x4  
  84  8:47  Spine Crawler, Mutalisk  
  85  8:53  Overlord  
  85  8:59  Mutalisk  
  87  9:05  Mutalisk  
  87  9:06  Spine Crawler  
  87  9:09  Zergling x2  
  89  9:15  Mutalisk  
  89  9:16  Zergling x2  
  91  9:25  Mutalisk  
  91  9:28  Zergling x6  
  96  9:38  Mutalisk  
  96  9:39  Zergling x6  
  96  9:45  Zergling x4  
  95  9:48  Zergling x2  
  89  9:54  Mutalisk  
  89  9:57  Zergling x4  
  93  10:04  Mutalisk  
  93  10:06  Zergling x2  
  84  10:14  Zergling x6  
  77  10:35  Mutalisk x2  
  79  10:41  Mutalisk  
  77  11:43  Overlord  
  77  11:46  Spine Crawler x2  
  75  12:07  Mutalisk x3  
  73  12:24  Mutalisk  
Show
View Real Time Build Order
Export as new Build Order

GOStephano Zerg - Winner!

Build Orders: Hatch First, Roach Nydus 

Get SALT Encoding   

  12  0:00  Drone  
  13  0:12  Overlord  
  13  0:17  Drone  
  14  0:30  Drone x2  
  16  0:49  Hatchery  
  15  0:52  Drone  
  15  0:56  Drone  
  17  1:00  Drone  
  18  1:09  Extractor  
  17  1:15  Spawning Pool  
  16  1:18  Drone  
  16  1:22  Drone  
  18  1:28  Drone  
  19  1:39  Drone  
  20  1:49  Drone  
  21  2:02  Queen, Zergling x2  
  21  2:03  Drone  
  25  2:11  Lair  
  25  2:13  Drone, Overlord  
  26  2:22  Drone  
  27  2:28  Drone  
  28  2:30  Extractor  
  28  2:35  Drone  
  28  2:36  Drone  
  29  2:37  Queen  
  31  2:46  Roach Warren  
  31  2:48  Drone x2  
  32  2:58  Drone x2  
  34  3:06  Drone x2  
  34  3:12  Nydus Network  
  35  3:17  Overlord  
  35  3:21  Queen  
  35  3:22  Extractor  
  35  3:23  Overlord  
  37  3:37  Roach x3  
  43  3:42  Roach x2  
  43  3:45  Roach  
  49  3:49  Nydus Canal  
  49  3:50  Roach  
  49  3:54  Overlord  
  51  4:07  Roach  
  52  4:14  Nydus Canal  
  52  4:17  Roach x2  
  56  4:25  Roach x2  
  56  4:26  Overlord  
  60  4:41  Queen  
  52  4:46  Roach x4  
  52  4:47  Queen  
  52  4:52  Roach x2  
  66  5:06  Nydus Canal  
  64  5:11  Roach  
  62  5:16  Roach  
  48  5:24  Roach  
  46  5:30  Roach x2  
  46  5:33  Queen x2, Roach  
  46  5:35  Drone x2  
  50  5:41  Evolution Chamber  
  49  5:45  Evolution Chamber  
  48  5:52  Roach  
  50  5:59  Drone x3  
  53  6:06  Roach x2  
  53  6:09  Queen  
  53  6:10  Zerg Missile Weapons Level 1  
  59  6:14  Queen  
  61  6:21  Overlord  
  61  6:25  Roach x2  
  65  6:29  Overseer  
  65  6:33  Overseer  
  65  6:37  Overlord  
  65  6:41  Roach  
  65  6:42  Roach, Zergling x2  
  65  6:44  Overlord  
  70  6:52  Roach x2  
  74  6:56  Queen  
  76  7:08  Roach x3  
  82  7:16  Overseer  
  82  7:20  Nydus Canal  
  82  7:22  Queen  
  82  7:24  Overlord  
  84  7:31  Queen  
  86  7:37  Nydus Canal  
  86  7:52  Nydus Canal  
  86  7:58  Queen  
  88  8:11  Spore Crawler  
  88  8:12  Spore Crawler x2  
  84  8:14  Spore Crawler  
  84  8:16  Spore Crawler  
  78  8:23  Queen, Spore Crawler  
  67  8:34  Queen  
  63  8:44  Ravager x3  
  63  8:48  Roach, Spore Crawler x2  
  65  8:49  Roach  
  65  8:52  Spore Crawler, Overseer  
  67  8:59  Queen, Nydus Canal  
  67  9:01  Roach x2  
  71  9:09  Queen  
  73  9:10  Roach  
  75  9:23  Roach x3  
  74  9:28  Roach  
  74  9:34  Roach  
  72  9:39  Roach  
  72  9:46  Roach x2  
  71  9:53  Roach  
  72  10:04  Queen  
  64  10:17  Roach  
  64  10:23  Roach  
  62  10:37  Spore Crawler  
  62  10:42  Spore Crawler  
  60  10:48  Spore Crawler  
  59  10:54  Roach  
  61  11:00  Roach  
  47  11:12  Spore Crawler  
  46  11:22  Queen  
  46  11:27  Nydus Canal  
  46  11:28  Roach  
  48  11:35  Drone x2  
  50  11:44  Nydus Canal  
  50  11:47  Roach  
  50  11:49  Spore Crawler  
  51  11:56  Roach  
  53  12:08  Drone x3  
  54  12:18  Roach  
  54  12:22  Roach  

Tags
 
Add a new tag
Caveats
  • Supply blocks, unpowered buildings, or Contaminate may cause inaccurate times.
  • Supply counts are checked every 10 seconds.